 Dungeon Crawl Stone Soup version 0.18.1-50-g88ac8fd (webtiles) character file.

7102 grisgris the Blocker (level 11, -2/69 HPs)
             Began as a Gargoyle Fighter on Oct 22, 2016.
             Was an Elder of Qazlal.
             Slain by a hill giant
             ... wielding a +0 giant club
              (13 damage)
             ... on level 10 of the Dungeon.
             The game lasted 00:33:35 (10455 turns).

grisgris the Blocker (Gargoyle Fighter)            Turns: 10455, Time: 00:33:36

Health: -2/69      AC: 24    Str: 23    XL:     11   Next: 10%
Magic:  11/11      EV:  7    Int:  9    God:    Qazlal [****..]
Gold:   630        SH: 17    Dex:  9    Spells: 0 memorised, 10 levels left

rFire  + . .     SeeInvis .     a - +1 flail
rCold  x . .     Gourm    .     t - +0 plate armour
rNeg   + . .     Faith    .     C - +0 shield {reflect}
rPois  ∞         Spirit   .     e - +0 helmet
rElec  +         Dismiss  +     d - +1 cloak
rCorr  .         Reflect  +     (no gloves)
SustAt .         Harm     .     (no boots)
MR     .....     Clarity  +     G - amulet of dismissal
Stlth  ..........               v - ring of flight
                                l - ring of fire

@: repel missiles, not resistant to hostile enchantments, extremely unstealthy
A: clarity, negative energy resistance 1, electricity resistance, unbreathing,
petrification resistance, rot immunity, AC +7
a: Upheaval, Elemental Force, Renounce Religion, Evoke Flight


You were on level 10 of the Dungeon.
You worshipped Qazlal.
Qazlal was greatly pleased with you.
You were not hungry.

You visited 2 branches of the dungeon, and saw 11 of its levels.
You also visited: Ossuary.

You collected 630 gold pieces.

Inventory:

Hand Weapons
 a - a +1 flail (weapon)
Armour
 d - a +1 cloak (worn)
 e - a +0 helmet (worn)
 t - a +0 plate armour (worn)
 C - a +0 shield of reflection (worn)
Jewellery
 c - an uncursed ring of stealth
 l - a ring of fire (left hand)
 m - an uncursed ring of magical power
 v - a ring of flight (right hand)
 G - an amulet of dismissal (around neck)
Wands
 n - a wand of iceblast (7/15)
 p - a wand of confusion (23/48)
 r - a wand of flame (16/48)
 y - a wand of paralysis (12/24)
 z - a wand of slowing (31/48)
 A - a wand of random effects (16/48)
 H - a wand of slowing (18/48)
Scrolls
 g - 6 scrolls of identify
 i - a scroll of recharging
 j - 7 scrolls of remove curse
 D - 3 scrolls of teleportation
 I - a scroll of summoning
 L - a scroll of amnesia
Potions
 q - 5 potions of brilliance
 s - a potion of invisibility
 u - a potion of berserk rage
 w - a potion of ambrosia
 x - 3 potions of curing
 B - 3 potions of heal wounds
 E - 2 potions of mutation
 F - a potion of agility
Books
 K - a book of Annihilations

   Spells                             Type                      Level
   a - Poison Arrow                   Conjuration/Poison           6
   b - Chain Lightning                Conjuration/Air              8
   c - Lehudib's Crystal Spear        Conjuration/Earth            8
   d - Glaciate                       Conjuration/Ice              9
   e - Fire Storm                     Conjuration/Fire             9
Comestibles
 b - 4 beef jerkies
 f - a bread ration
 h - 10 royal jellies
 k - 4 meat rations
 o - 2 slices of pizza
 M - 3 fruits


   Skills:
 + Level 8.7 Fighting
 + Level 8.3 Maces & Flails
 + Level 7.8 Armour
 + Level 4.0 Dodging
 - Level 0.2 Stealth
 + Level 11.0 Shields
 + Level 1.2 Evocations


You had 10 spell levels left.
You didn't know any spells.

Dungeon Overview and Level Annotations

Branches:
Dungeon (10/15)            Temple (1/1) D:4            Lair (0/8) D:10
    Orc: D:9-12

Altars:
Ashenzari
Cheibriados
Dithmenos
Fedhas
Gozag
Kikubaaqudgha
Makhleb
Nemelex Xobeh
Okawaru
Pakellas
Qazlal
Ru
Sif Muna
Trog
Vehumet
Xom
Yredelemnul
Zin

Shops:
D:4 :

Annotations:
D:10 exclusion: oklob sapling


Innate Abilities, Weirdness & Mutations

You are resistant to torment.
Your stone body is resilient (AC +7).
You are immune to poison.
You resist negative energy.
You are resistant to electric shocks.
You can survive without breathing.
You are immune to petrification.
You are immune to rotting.
You possess an exceptional clarity of mind.


Message History

The hill giant is heavily wounded.
The hill giant hits you with a giant club!!
You thump the hill giant!
The hill giant is severely wounded.
You completely miss the hill giant.
The hill giant is severely wounded.
You block the hill giant's attack.
You hit the hill giant.
The hill giant is almost dead.
The hill giant hits you with a giant club!!
* * * LOW HITPOINT WARNING * * *
You hit the hill giant.
The hill giant is almost dead.
You block the hill giant's attack.
Your plate armour prevents you from hitting the hill giant.
The hill giant is almost dead.
You hit the hill giant.
The hill giant is almost dead.
The hill giant hits you with a giant club!
You die...

*,*,* *,* **,**,*,,*
*,*,* *,* #.**$#*.*
**,*,***,*###.**.##.***
*,,,,,,,,,..#.##.>.,,,*
**,*,,,,,,.,...#..#**,*
*******,*#.#..#..# *,*
*,*#.#..#..###.#
*,*#.#..#C.....#
#.##!.§§@....#**
#.....§...##.#
########§$###*,*
*#.........# *,*
##.###.####.# *,* ##.#*
##.###.# *,* #..#
#.....# *,* #.§##
##.##### *,* #.#.###.##
*,*


You could see a hill giant.

Vanquished Creatures
  The ghost of Monkfish the Covert, a novice KoAs (D:7)
  The ghost of Monkfish the Covert, a novice KoAs of Dithmenos (D:6)
  Joseph (D:9)
  Prince Ribbit (D:5)
  Grinder (D:4)
  10 yaks (D:9)
  Menkaure (D:5)
  A soldier ant (D:10)
  A water moccasin (D:10)
  Duvessa (D:5)
  A black bear (D:8)
  2 wasps
  2 phantoms
  An eye of draining (D:9)
  An ice beast (D:8)
  7 ogres
  4 centaurs
  2 big kobolds
  An elf zombie (Ossuary)
  4 giant frogs
  Blork the orc (D:6)
  Dowan (D:5)
  4 wights (D:10)
  A howler monkey (D:5)
  A crimson imp (D:5)
  A jelly (D:6)
  3 centaur zombies
  4 orc priests
  4 hounds
  4 orc wizards
  3 human zombies (Ossuary)
  Terence (D:3)
  4 iguanas
  Natasha (thrice) (D:4)
  9 worker ants
  A big kobold zombie (Ossuary)
  2 hound zombies
  3 mummies (Ossuary)
  4 gnolls (D:9)
  18 adders
  A shadow imp (D:6)
  An ooze (D:3)
  4 adder skeletons
  3 adder zombies
  3 worms
  4 dart slugs
  6 giant geckos
  23 orcs
  13 ball pythons
  8 bats
  6 giant cockroaches
  2 gnoll zombies (Ossuary)
  7 goblins
  6 hobgoblins
  10 kobolds
  2 quokkas
  4 giant newts
  3 goblin zombies (Ossuary)
  2 hobgoblin zombies (Ossuary)
  2 jackal zombies (Ossuary)
  A kobold zombie (Ossuary)
  3 orc zombies (Ossuary)
  2 quokka skeletons
  5 quokka zombies (Ossuary)
  7 rats
  5 rat zombies (Ossuary)
249 creatures vanquished.

Vanquished Creatures (others)
  An ugly thing (D:8)
  A bush (D:10)
  2 plants (D:10)
4 creatures vanquished.

Grand Total: 253 creatures vanquished

Notes
Turn   | Place    | Note
--------------------------------------------------------------
     0 | D:1      | grisgris the Gargoyle Fighter began the quest for the Orb.
     0 | D:1      | Reached XP level 1. HP: 14/14 MP: 1/1
   199 | D:1      | Reached XP level 2. HP: 19/19 MP: 2/2
   758 | D:2      | Reached XP level 3. HP: 23/23 MP: 3/3
   910 | D:2      | Reached skill level 1 in Dodging
   974 | D:2      | Reached XP level 4. HP: 12/28 MP: 4/4
  1553 | D:2      | Reached skill level 4 in Shields
  2028 | D:3      | Reached XP level 5. HP: 18/33 MP: 5/5
  2367 | D:3      | Noticed Terence
  2384 | D:3      | Killed Terence
  2759 | D:4      | Noticed an ogre
  2763 | D:4      | Killed an ogre
  2763 | D:4      | Reached XP level 6. HP: 4/38 MP: 6/6
  3115 | D:4      | Found an ancient bone altar of Kikubaaqudgha.
  3227 | D:4      | Reached skill level 5 in Shields
  3456 | D:4      | Found Ussumeud's Book Shoppe.
  3478 | D:4      | Found a staircase to the Ecumenical Temple.
  3505 | D:4      | Reached XP level 7. HP: 43/44 MP: 7/7
  3552 | Temple   | Entered the Ecumenical Temple
  3573 | Temple   | Became a worshipper of Qazlal Stormbringer
  3631 | D:4      | Noticed Grinder
  3666 | D:4      | Paralysed by Grinder for 6 turns
  3692 | D:4      | Paralysed by Grinder for 2 turns
  3696 | D:4      | Killed Grinder
  3924 | D:4      | Noticed Natasha
  3931 | D:4      | Killed Natasha
  3966 | D:4      | Reached skill level 5 in Fighting
  3966 | D:4      | Reached skill level 5 in Armour
  3966 | D:4      | Reached skill level 6 in Shields
  4525 | D:5      | Entered Level 5 of the Dungeon
  4730 | D:5      | Noticed Prince Ribbit
  4762 | D:5      | Gained mutation: You possess an exceptional clarity of mind. [potion of beneficial mutation]
  4770 | D:5      | Reached XP level 8. HP: 21/49 MP: 8/8
  4944 | D:5      | Noticed Duvessa
  4944 | D:5      | Noticed Dowan
  4968 | D:5      | Killed Duvessa
  4989 | D:5      | Killed Dowan
  5092 | D:4      | Noticed Natasha
  5098 | D:4      | Killed Natasha
  5134 | D:4      | Noticed Natasha
  5144 | D:4      | Killed Natasha
  5594 | D:5      | Killed Prince Ribbit
  5594 | D:5      | Reached skill level 7 in Shields
  5811 | D:5      | Noticed Menkaure
  5824 | D:5      | Killed Menkaure
  6211 | D:5      | Reached skill level 1 in Evocations
  6323 | D:6      | Reached XP level 9. HP: 55/55 MP: 9/9
  6387 | D:6      | Found a shimmering altar of Xom.
  6388 | D:6      | Noticed Blork the orc
  6419 | D:6      | Killed Blork the orc
  6759 | D:6      | Found a blossoming altar of Fedhas.
  6803 | D:6      | Reached * piety under Qazlal
  6803 | D:6      | Reached skill level 5 in Maces & Flails
  6946 | D:6      | Noticed Monkfish's ghost (novice KoAs)
  6956 | D:6      | Killed Monkfish's ghost
  6956 | D:6      | Reached skill level 8 in Shields
  7445 | D:7      | Noticed Monkfish's ghost (novice KoAs)
  7530 | D:7      | Killed Monkfish's ghost
  7603 | D:7      | Found a sand-covered staircase.
  7709 | D:7      | Reached skill level 9 in Shields
  7724 | Ossuary  | Entered an ossuary
  7743 | Ossuary  | Reached ** piety under Qazlal
  7765 | Ossuary  | Reached XP level 10. HP: 62/63 MP: 10/10
  8106 | D:7      | Reached *** piety under Qazlal
  8638 | D:8      | Found an oddly glowing altar of Pakellas.
  8638 | D:8      | Noticed a cyan ugly thing
  8647 | D:8      | Killed a cyan ugly thing
  9069 | D:8      | Found an opulent altar of Gozag.
  9387 | D:9      | Reached skill level 10 in Shields
  9678 | D:9      | Noticed Joseph
  9699 | D:9      | Killed Joseph
  9699 | D:9      | Reached XP level 11. HP: 69/69 MP: 11/11
 10096 | D:10     | Entered Level 10 of the Dungeon
 10297 | D:10     | Reached **** piety under Qazlal
 10357 | D:10     | Reached skill level 11 in Shields
 10358 | D:10     | Found a blossoming altar of Fedhas.
 10445 | D:10     | Noticed a hill giant
 10455 | D:10     | Slain by a hill giant

Skill      XL: |  1  2  3  4  5  6  7  8  9 10 11 |
---------------+----------------------------------+-----
Dodging        | 1 2 3 4 |  4.0
Armour         | 4 5 6 7 |  7.8
Shields        | 4 5 6 7 9 10 11 | 11.0
Fighting       | 4 5 7 8 |  8.7
Maces & Flails | 3 4 6 8 |  8.3
Evocations     | 1 |  1.2
Stealth        | |  0.2

Action                   |  1- 3 |  4- 6 |  7- 9 | 10-12 || total
-------------------------+-------+-------+-------+-------++-------
Melee: Flail             |   152 |   291 |   621 |   586 ||  1650
Evoke: Wand              |       |       |     6 |       ||     6
  Use: Scroll            |     3 |     3 |    13 |    11 ||    30
       Potion            |     2 |     2 |     7 |       ||    11
  Eat: Chunk             |     1 |     5 |       |     1 ||     7
       Pizza             |     1 |       |       |       ||     1
       Beef jerky        |       |     1 |       |       ||     1
       Bread ration      |       |       |     3 |       ||     3
       Meat ration       |       |       |     1 |       ||     1
       Fruit             |       |       |       |     9 ||     9
Armor: Scale mail        |    89 |   191 |    64 |       ||   344
       Plate armour      |       |       |   265 |   234 ||   499
Dodge: Dodged            |    43 |   106 |   128 |    89 ||   366
Block: Shield            |    99 |   189 |   330 |   407 ||  1025
       Reflection        |       |       |       |     2 ||     2
